 Dungeon Crawl Stone Soup version 0.28.0 (webtiles) character file.

Game seed: 5907710722962604566

66 Impy the Magician (level 4, -15/33 HPs)
             Began as a Djinni Fire Elementalist on Feb 8, 2022.
             Was a Follower of Zin.
             Demolished by a gnoll (16 damage)
             ... on level 2 of the Dungeon.
             The game lasted 00:06:44 (1568 turns).

Impy the Magician (Djinni Fire Elementalist)        Turns: 1568, Time: 00:06:44

Health: -15/33     AC:  2    Str:  5 (7)  XL:     4   Next: 37%
Gold:   57         EV:  6    Int: 19      God:    Zin [*.....] SH:  0 Dex: 10 (13)

rFire   + + .      SeeInvis .   c - +2 whip (elec)
rCold   x . .      Faith    .   (no shield)
rNeg    . . .      Spirit   .   a - +0 robe
rPois   ∞          Reflect  .   (no helmet)
rElec   .          Harm     .   (no cloak)
rCorr   +          Rampage  .   (no gloves)
Will    .....                   (boots unavailable)
Stlth   ++........              (no amulet)
HPRegen 0.11/turn               e - ring of resist corrosion
MPRegen 0.00/turn               (no ring)

@: flying, very slightly contaminated, held
A: sickness immunity, fire resistance 2, cold vulnerability 1, float, innate
caster, HP casting, extra vitality 1
a: Renounce Religion, Recite, Donate Gold


You were on level 2 of the Dungeon.
You worshipped Zin.
Zin was aware of your devotion.
You visited 1 branch of the dungeon, and saw 2 of its levels.

You collected 63 gold pieces.
You donated 6 gold pieces to Zin.

Inventory:

Hand Weapons
 b - a +0 dagger
 c - a +2 whip of electrocution (weapon)
 d - a +1 dagger of venom
Armour
 a - a +0 robe (worn)
Jewellery
 e - a ring of resist corrosion (left hand)


   Skills:
 + Level 1.8 Fighting
 - Level 1.1 Short Blades
 + Level 0.7 Maces & Flails
 - Level 2.4 Dodging
 - Level 1.5 Stealth
 + Level 2.9 Spellcasting


You couldn't memorise any spells.
You knew the following spells:

 Your Spells              Type           Power      Damage    Failure   Level
a - Foxfire               Conj/Fire      56%        2x1d6     4%          1
b - Scorch                Fire           28%        2d6       7%          2
c - Conjure Flame         Conj/Fire      14%        6-21      14%         3
d - Inner Flame           Hex/Fire       14%        N/A       14%         3
e - Flame Wave            Conj/Fire      14%        2d6       41%         4
f - Pain                  Necr           56%        1d6       4%          1
Your spell library was empty.

Dungeon Overview and Level Annotations

Branches:
Dungeon (2/15)

Altars:
Zin


Innate Abilities, Weirdness & Mutations

You are immune to sickness and miasma.
You are immune to poison.
Your flesh is very heat resistant. (rF++)
You are vulnerable to cold. (rC-)
You float through the air rather than walking.
You learn spells naturally, not from books.
Your magical power is your life essence.
You have superior vitality. (+4 MHP)


Message History

The gnoll shouts!
The gnoll hits you with a +0 halberd.
The gnoll moves out of view.
You hit the gnoll. Lightning courses through the gnoll!
You kill the gnoll!
You have reached level 4!
You feel clever.
The gnoll throws a throwing net.
The throwing net hits you.
You become entangled in the net!
Things that are here:
a throwing net; a +0 flail; a gnoll corpse
Casting: Scorch (safe; 8% risk of failure)
Confirm with . or Enter, or press ? or * to list all spells.
Flames lash the gnoll.
The gnoll is heavily wounded.
The gnoll's fire resistance burns away.
Casting: Scorch (safe; 8% risk of failure)
Confirm with . or Enter, or press ? or * to list all spells.
You miscast Scorch.
You are very lightly contaminated with residual magic.
Nothing appears to happen.
The gnoll hits you from afar with a +0 halberd.
Casting: Scorch (safe; 8% risk of failure)
Confirm with . or Enter, or press ? or * to list all spells.
Flames lash the gnoll.
The gnoll is burned terribly!
You kill the gnoll!
The gnoll hits you from afar with a +0 halberd.
You feel your intelligence returning.
Casting: Scorch (safe; 7% risk of failure)
Confirm with . or Enter, or press ? or * to list all spells.
You miscast Foxfire.
Nothing appears to happen.
The gnoll hits you from afar with a +0 halberd!
* * * LOW HITPOINT WARNING * * *
You aren't carrying any potions.
You aren't carrying any scrolls.
You tear a large gash into the net.
The gnoll hits you from afar with a +0 halberd!
Zin protects you from harm!
You struggle against the net.
The gnoll hits you from afar with a +0 halberd!
You die...

## .#.# .## ...
..####..# .
####.......##..
#.....^........
###.##...........
#.........g......
#.....#.).#
#......#@#...#
#...#...#.....#
#....#..#.....#
#.#...###.....#
#..#..#..#...#..
#...###...#.#...### ..#
#..#...#...#...#...#...#
#.#.....#..#..#.....#..#
#........# #.........#


You could see a gnoll.

Vanquished Creatures
  3 gnolls (D:2)
  2 ball pythons
  An endoplasm (D:1)
  10 goblins
  4 hobgoblins
  4 jackals
  A quokka (D:1)
  3 frilled lizards
  2 kobolds (D:2)
  5 rats
35 creatures vanquished.

Vanquished Creatures (others)
  47 foxfires
  A plant (D:1)
48 creatures vanquished.

Grand Total: 83 creatures vanquished

Notes
Turn   | Place    | Note
-------+----------+-------------------------------------------
     0 | D:1      | Impy the Djinni Fire Elementalist began the quest for the
                  | Orb.
     0 | D:1      | Reached XP level 1. HP: 15/15 MP: 0/0
   250 | D:1      | Reached XP level 2. HP: 16/22 MP: 0/0
   556 | D:1      | Reached skill level 1 in Fighting
   736 | D:1      | Found a faded altar of an unknown god.
   797 | D:1      | Prayed at the altar of an unknown god.
   797 | D:1      | Became a worshipper of Zin the Law-Giver
   797 | D:1      | Reached * piety under Zin
   878 | D:2      | Reached XP level 3. HP: 23/27 MP: 0/0
   878 | D:2      | Learned a level 1 spell: Pain
  1030 | D:2      | Reached skill level 1 in Short Blades
  1562 | D:2      | Reached XP level 4. HP: 23/33 MP: 0/0
  1566 | D:2      | HP: 1/33 [gnoll (12)]
  1567 | D:2      | Zin protects you from harm!
  1568 | D:2      | Demolished by a gnoll

Illustrated notes

Levels and vault maps discovered:
D:1:      dpeg_arrival_stonehenge_12_columns, layout_basic,
          shapermc_ecumenical_altar_mp_urbaneastern
D:2:      layout_rooms, grunt_ministairs_2, minmay_splitting_lines,
          minmay_misc_feat_tower

Skill      XL: |  1  2  3 |
---------------+----------+-----
Fighting       | 1 |  1.8
Short Blades   | 1 |  1.1
Maces & Flails | |  0.7
Dodging        | |  2.4
Stealth        | |  1.5
Spellcasting   | |  2.9

Action                   |  1- 3 |  4- 6 || total
-------------------------+-------+-------++-------
Melee: Dagger            |    13 |       ||    13
       Unarmed           |     1 |       ||     1
       Whip              |     7 |       ||     7
 Cast: Foxfire           |    26 |       ||    26
       Scorch            |     4 |     2 ||     6
Invok: Recite            |     1 |       ||     1
  Use: Scroll            |     3 |       ||     3
       Potion            |     2 |       ||     2
 Stab: Sleeping          |     2 |       ||     2
Armor: Robe              |     6 |       ||     6
Dodge: Dodged            |    31 |       ||    31
